TOP OF THE 1ST |
Greenville 84s batting - Pitching for Seattle Pikes : LHP Darren Blackwell
|
Pitching: LHP Darren Blackwell
|
|
Batting: LHB Stanley Smith
|
0-0: Ball 1-0: Ball 2-0: Ball 3-0: Called Strike 3-1: Called Strike 3-2: DOUBLE (Flyball, 89XD)
|
Batting: RHB Ramiro Chávez
|
0-0: Called Strike 0-1: Ball 1-1: Ball 2-1: Foul Ball, location: 2F 2-2: Foul Ball, location: 2F 2-2: Fly out, F7 (Flyball, 78S)
|
Batting: RHB Pat Fernández
|
0-0: Called Strike 0-1: Ball 1-1: Ball 2-1: Ball Passed Ball! Stanley Smith to third 3-1: Called Strike 3-2: Base on Balls
|
Batting: RHB Patrick Potts
|
0-0: Called Strike 0-1: Called Strike 0-2: Ball 1-2: Fielders Choice at 2nd, 4-6 (Groundball, 4) Stanley Smith scores
|
Batting: LHB Jimmy Vickers
|
0-0: Called Strike 0-1: Ball Wild Pitch! Patrick Potts to second 1-1: Ball 2-1: Ball 3-1: Ground out 4-3 (Groundball, 4)
|
Top of the 1st over - 1 run, 1 hit, 0 errors, 1 left on base; Greenville 1 - Seattle 0 |
BOTTOM OF THE 1ST |
Seattle Pikes batting - Pitching for Greenville 84s : LHP Darrell Harding
|
Pitching: LHP Darrell Harding
|
|
Batting: RHB Pete Rideout
|
0-0: Called Strike 0-1: SINGLE (Flyball, 9LS)
|
Batting: RHB Seiji Kouno
|
0-0: Ball 1-0: Called Strike 1-1: Swinging Strike 1-2: Strikes out looking
|
Batting: RHB Randy Sheppard
|
0-0: Ball 1-0: Called Strike 1-1: Ball 2-1: Called Strike 2-2: Strikes out looking
|
Batting: RHB Murai Ishihara
|
0-0: Ball 1-0: Called Strike 1-1: Foul Ball, location: 2F 1-2: Strikes out swinging
|
Bottom of the 1st over - 0 runs, 1 hit, 0 errors, 1 left on base; Greenville 1 - Seattle 0 |
TOP OF THE 2ND |
Greenville 84s batting - Pitching for Seattle Pikes : LHP Darren Blackwell
|
Batting: RHB Casey Fox
|
0-0: Ball 1-0: Called Strike 1-1: Foul Ball, location: 2F 1-2: Ground out 4-3 (Groundball, 4M)
|
Batting: LHB Robert Moore
|
0-0: Ball 1-0: Called Strike 1-1: Foul Ball, location: 2F 1-2: SOLO HOME RUN (Flyball, 9D), Distance : 448 ft
|
Batting: RHB Robert Buckley
|
0-0: Ball 1-0: Ground out 6-3 (Groundball, 6)
|
Batting: RHB Jeff Packard
|
0-0: Ball 1-0: Foul Ball, location: 2F 1-1: Foul Ball, location: 2F 1-2: Ball 2-2: SINGLE (Groundball, 6MD)
|
Batting: LHB Stanley Smith
|
0-0: Ball 1-0: Foul Ball, location: 2F 1-1: Ball 2-1: Called Strike 2-2: Ground out 4-3 (Groundball, 4)
|
Top of the 2nd over - 1 run, 2 hits, 0 errors, 1 left on base; Greenville 2 - Seattle 0 |
BOTTOM OF THE 2ND |
Seattle Pikes batting - Pitching for Greenville 84s : LHP Darrell Harding
|
Batting: LHB Roberto Lozano
|
0-0: Foul Ball, location: 2F 0-1: Fly out, F8 (Flyball, 89D)
|
Batting: RHB Robert Johnson
|
0-0: Foul Ball, location: 2F 0-1: Called Strike 0-2: Ball 1-2: Foul Ball, location: 2F 1-2: Strikes out looking
|
Batting: SHB António Hernández
|
0-0: Ball 1-0: Swinging Strike 1-1: Foul Ball, location: 2F 1-2: Ball 2-2: Strikes out swinging
|
Bottom of the 2nd over - 0 runs, 0 hits, 0 errors, 0 left on base; Greenville 2 - Seattle 0 |
TOP OF THE 3RD |
Greenville 84s batting - Pitching for Seattle Pikes : LHP Darren Blackwell
|
Batting: RHB Ramiro Chávez
|
0-0: Called Strike 0-1: Fly out, F9 (Flyball, 9LMF)
|
Batting: RHB Pat Fernández
|
0-0: Ball 1-0: Swinging Strike 1-1: Foul Ball, location: 2F 1-2: Fly out, F5 (Popup, 56S)
|
Batting: RHB Patrick Potts
|
0-0: Ground out 2-3 (Groundball, 2L)
|
Top of the 3rd over - 0 runs, 0 hits, 0 errors, 0 left on base; Greenville 2 - Seattle 0 |
BOTTOM OF THE 3RD |
Seattle Pikes batting - Pitching for Greenville 84s : LHP Darrell Harding
|
Batting: LHB César Valentín
|
0-0: Fly out, F9 (Flyball, 89S)
|
Batting: SHB Richard Bowman
|
0-0: SINGLE (Groundball, 6MD)
|
Batting: RHB Pete Rideout
|
0-0: Ball 1-0: Called Strike 1-1: SINGLE (Line Drive, 7S) Richard Bowman to second
|
Batting: RHB Seiji Kouno
|
0-0: Ball 1-0: Called Strike 1-1: Ball 2-1: Ball 3-1: Foul Ball, location: 2F 3-2: Base on Balls Richard Bowman to third Pete Rideout to second
|
Batting: RHB Randy Sheppard
|
0-0: Foul Ball, location: 2F 0-1: Foul Ball, location: 2F 0-2: Foul Ball, location: 2F 0-2: Ball 1-2: DOUBLE (Line Drive, 7D) Richard Bowman scores Pete Rideout scores Seiji Kouno to third
|
Batting: RHB Murai Ishihara
|
0-0: Ball 1-0: Ball 2-0: Called Strike 2-1: Ball 3-1: Foul Ball, location: 2F 3-2: Strikes out swinging
|
Batting: LHB Roberto Lozano
|
0-0: Ball 1-0: Ball 2-0: SINGLE (Line Drive, 56D) Seiji Kouno scores Randy Sheppard to third Runner from 3rd tries for Home, SAFE, no throw
|
Batting: RHB Robert Johnson
|
0-0: Ball 1-0: Swinging Strike 1-1: Called Strike Roberto Lozano steals 2nd base 1-2: Strikes out looking
|
Bottom of the 3rd over - 4 runs, 4 hits, 0 errors, 1 left on base; Greenville 2 - Seattle 4 |
TOP OF THE 4TH |
Greenville 84s batting - Pitching for Seattle Pikes : LHP Darren Blackwell
|
Batting: LHB Jimmy Vickers
|
0-0: Foul Ball, location: 2F 0-1: Ball 1-1: Ball 2-1: Called Strike 2-2: Foul Ball, location: 2F 2-2: Strikes out swinging, 2-3 out at first.
|
Batting: RHB Casey Fox
|
0-0: Called Strike 0-1: Foul Ball, location: 2F 0-2: Ball 1-2: Foul Ball, location: 2F 1-2: Ground out 4-3 (Groundball, 4M)
|
Batting: LHB Robert Moore
|
0-0: Called Strike 0-1: Swinging Strike 0-2: Ball 1-2: Foul Ball, location: 2F 1-2: Fly out, F9 (Flyball, 9)
|
Top of the 4th over - 0 runs, 0 hits, 0 errors, 0 left on base; Greenville 2 - Seattle 4 |
BOTTOM OF THE 4TH |
Seattle Pikes batting - Pitching for Greenville 84s : LHP Darrell Harding
|
Batting: SHB António Hernández
|
0-0: Foul Ball, location: 2F 0-1: Swinging Strike 0-2: Ball 1-2: Ball 2-2: Strikes out swinging
|
Batting: LHB César Valentín
|
0-0: Swinging Strike 0-1: Ball 1-1: Ball 2-1: SINGLE (Line Drive, 8RS)
|
Batting: SHB Richard Bowman
|
0-0: Called Strike 0-1: Foul Ball, location: 2F 0-2: Foul Ball, location: 2F 0-2: Ball 1-2: SINGLE (Line Drive, 6) César Valentín to second
|
Batting: RHB Pete Rideout
|
0-0: SINGLE (Flyball, 9S) César Valentín to third Richard Bowman to second Runner from 3rd tries for Home, SAFE, no throw
|
Batting: RHB Seiji Kouno
|
0-0: Ball 1-0: Swinging Strike 1-1: Ball 2-1: Foul Ball, location: 2F 2-2: Reached on error, E5 (Groundball, 5S) Richard Bowman to third Pete Rideout to second
|
Batting: RHB Randy Sheppard
|
0-0: Grounds into double play, 6-4-3 (Groundball, 6)
|
Bottom of the 4th over - 1 run, 3 hits, 1 error, 2 left on base; Greenville 2 - Seattle 5 |
TOP OF THE 5TH |
Greenville 84s batting - Pitching for Seattle Pikes : LHP Darren Blackwell
|
Batting: RHB Robert Buckley
|
0-0: Called Strike 0-1: Ball 1-1: Called Strike 1-2: Strikes out swinging
|
Batting: RHB Jeff Packard
|
0-0: Called Strike 0-1: Called Strike 0-2: Ball 1-2: Ball 2-2: Ball 3-2: Strikes out swinging
|
Batting: LHB Stanley Smith
|
0-0: Called Strike 0-1: Fly out, F8 (Flyball, 8LS)
|
Top of the 5th over - 0 runs, 0 hits, 0 errors, 0 left on base; Greenville 2 - Seattle 5 |
BOTTOM OF THE 5TH |
Seattle Pikes batting - Pitching for Greenville 84s : LHP Darrell Harding
|
Batting: RHB Murai Ishihara
|
0-0: SINGLE (Line Drive, 56D)
|
Batting: LHB Roberto Lozano
|
0-0: Ball 1-0: Ball 2-0: Ground out 4-3 (Groundball, 4S) Murai Ishihara to second
|
Batting: RHB Robert Johnson
|
0-0: Swinging Strike 0-1: SINGLE (Flyball, 8LS) Murai Ishihara to third
|
Pitching: RHP Mike Horton
|
|
Batting: SHB António Hernández
|
0-0: Ball 1-0: Ball 2-0: Ground out U3 (Groundball, 34S) Robert Johnson to second
|
Batting: LHB César Valentín
|
0-0: Ball 1-0: Ball 2-0: SINGLE (Groundball, 6D) Murai Ishihara scores Robert Johnson to third Runner from 3rd tries for Home, SAFE, no throw
|
Batting: SHB Richard Bowman
|
0-0: Ball 1-0: Fly out, F7 (Flyball, 7S)
|
Bottom of the 5th over - 2 runs, 3 hits, 0 errors, 1 left on base; Greenville 2 - Seattle 7 |
TOP OF THE 6TH |
Greenville 84s batting - Pitching for Seattle Pikes : LHP Darren Blackwell
|
Batting: RHB Ramiro Chávez
|
0-0: Called Strike 0-1: Foul Ball, location: 2F 0-2: Ball 1-2: Fly out, F8 (Line Drive, 89M)
|
Batting: RHB Pat Fernández
|
0-0: Ball 1-0: Ball 2-0: Ball 3-0: Called Strike 3-1: Called Strike 3-2: Foul Ball, location: 2F 3-2: Fly out, F8 (Flyball, 8RXD)
|
Batting: RHB Patrick Potts
|
0-0: Called Strike 0-1: Foul Ball, location: 2F 0-2: Ball 1-2: Strikes out swinging
|
Top of the 6th over - 0 runs, 0 hits, 0 errors, 0 left on base; Greenville 2 - Seattle 7 |
BOTTOM OF THE 6TH |
Seattle Pikes batting - Pitching for Greenville 84s : RHP Mike Horton
|
Batting: RHB Pete Rideout
|
0-0: SINGLE (Line Drive, 8LS)
|
Batting: RHB Seiji Kouno
|
0-0: Ball 1-0: Ball 2-0: Called Strike 2-1: Called Strike 2-2: Ball 3-2: Fly out, F3 (Popup, 3SF)
|
Batting: RHB Randy Sheppard
|
0-0: Called Strike 0-1: Ball 1-1: Called Strike 1-2: Fly out, F7 (Flyball, 7)
|
Batting: RHB Murai Ishihara
|
0-0: Ground out 4-3 (Groundball, 4)
|
Bottom of the 6th over - 0 runs, 1 hit, 0 errors, 1 left on base; Greenville 2 - Seattle 7 |
TOP OF THE 7TH |
Greenville 84s batting - Pitching for Seattle Pikes : LHP Darren Blackwell
|
Pitching: RHP Luis Libán
|
|
Now at 1B: Anthony Rucker
|
|
Batting: LHB Jimmy Vickers
|
0-0: Ball 1-0: Ground out 4-3 (Groundball, 4)
|
Batting: RHB Casey Fox
|
0-0: Swinging Strike 0-1: Ball 1-1: Foul Ball, location: 2F 1-2: Ball 2-2: Ball 3-2: Foul Ball, location: 2F 3-2: SINGLE (Groundball, 56D)
|
Batting: LHB Robert Moore
|
0-0: Called Strike 0-1: Foul Ball, location: 2F 0-2: Strikes out swinging Throwing error on steal attempt, E2 Casey Fox to third
|
Batting: RHB Robert Buckley
|
0-0: Swinging Strike 0-1: Reached on error, E5 (Groundball, 56S) Casey Fox scores
|
Batting: RHB Jeff Packard
|
0-0: Foul Ball, location: 2F 0-1: Fly out, F7 (Flyball, 7S)
|
Top of the 7th over - 1 run, 1 hit, 2 errors, 1 left on base; Greenville 3 - Seattle 7 |
BOTTOM OF THE 7TH |
Seattle Pikes batting - Pitching for Greenville 84s : RHP Mike Horton
|
Batting: LHB Roberto Lozano
|
0-0: Called Strike 0-1: Called Strike 0-2: Ball 1-2: Foul Ball, location: 2F 1-2: SINGLE (Groundball, 4D)
|
Batting: RHB Robert Johnson
|
0-0: Called Strike 0-1: Bunted foul 0-2: Ball 1-2: SINGLE (Groundball, 34D) Roberto Lozano to second Runner from 2nd tries for 3rd, SAFE, no throw
|
Batting: SHB António Hernández
|
0-0: Swinging Strike 0-1: Called Strike 0-2: Ball 1-2: Ball 2-2: Ball 3-2: Foul Ball, location: 2F 3-2: Base on Balls Robert Johnson to second
|
Pitching: LHP Walt MacKey
|
|
Batting: LHB César Valentín
|
0-0: Ball 1-0: Ball 2-0: Ball 3-0: Base on Balls Roberto Lozano scores Robert Johnson to third António Hernández to second
|
Pitching: LHP Raymond Ritchie
|
|
Batting: SHB Richard Bowman
|
0-0: Called Strike 0-1: Foul Ball, location: 2F 0-2: Ball 1-2: Grounds into fielders choice 6-2 (Groundball, 6) António Hernández to third César Valentín to second
|
Batting: RHB Pete Rideout
|
0-0: Ball 1-0: Called Strike 1-1: Ball 2-1: Foul Ball, location: 2F 2-2: Ball 3-2: Foul Ball, location: 2F 3-2: Base on Balls António Hernández scores César Valentín to third Richard Bowman to second
|
Batting: RHB Anthony Rucker
|
0-0: Called Strike 0-1: Ball 1-1: Foul Ball, location: 2F 1-2: Grounds into fielders choice 1-2 (Groundball, 13) Richard Bowman to third Pete Rideout to second
|
Batting: RHB Randy Sheppard
|
0-0: Called Strike 0-1: Foul Ball, location: 2F 0-2: Ball 1-2: Foul Ball, location: 2F 1-2: Fielders Choice at 2nd, 6-4 (Groundball, 6)
|
Bottom of the 7th over - 2 runs, 2 hits, 0 errors, 3 left on base; Greenville 3 - Seattle 9 |
TOP OF THE 8TH |
Greenville 84s batting - Pitching for Seattle Pikes : RHP Luis Libán
|
Now at C: Javier Martínez
|
|
Batting: LHB Stanley Smith
|
0-0: SINGLE (Groundball, 4S) (infield hit)
|
Batting: RHB Ramiro Chávez
|
0-0: Called Strike 0-1: Ball 1-1: Swinging Strike 1-2: Strikes out swinging
|
Batting: RHB Pat Fernández
|
0-0: SINGLE (Flyball, 7S) Stanley Smith to second
|
Batting: RHB Patrick Potts
|
0-0: Ball 1-0: DOUBLE (Line Drive, 5D) Stanley Smith scores Pat Fernández to third
|
Batting: LHB Jimmy Vickers
|
0-0: Called Strike 0-1: Ball 1-1: Swinging Strike 1-2: Ball 2-2: Strikes out swinging
|
Batting: RHB Casey Fox
|
0-0: Called Strike 0-1: Ground out 1-3 (Groundball, P)
|
Top of the 8th over - 1 run, 3 hits, 0 errors, 2 left on base; Greenville 4 - Seattle 9 |
BOTTOM OF THE 8TH |
Seattle Pikes batting - Pitching for Greenville 84s : LHP Raymond Ritchie
|
Batting: RHB Murai Ishihara
|
0-0: Foul Ball, location: 2F 0-1: Ball 1-1: Ground out 6-3 (Groundball, 6M)
|
Batting: LHB Roberto Lozano
|
0-0: Ball 1-0: SINGLE (Groundball, 34D)
|
Batting: LHB Javier Martínez
|
0-0: Called Strike 0-1: Ball 1-1: Ball 2-1: Grounds into double play, 4-6-3 (Groundball, 4)
|
Bottom of the 8th over - 0 runs, 1 hit, 0 errors, 0 left on base; Greenville 4 - Seattle 9 |
TOP OF THE 9TH |
Greenville 84s batting - Pitching for Seattle Pikes : RHP Luis Libán
|
Batting: LHB Robert Moore
|
0-0: Swinging Strike 0-1: Ball 1-1: Foul Ball, location: 2F 1-2: Fly out, F6 (Line Drive, 4M)
|
Batting: RHB Robert Buckley
|
0-0: Called Strike 0-1: Fly out, F8 (Flyball, 8RD)
|
Batting: RHB Jeff Packard
|
0-0: Called Strike 0-1: Ball 1-1: DOUBLE (Line Drive, 7LS)
|
Batting: LHB Stanley Smith
|
0-0: Ground out U3 (Groundball, 3)
|
Top of the 9th over - 0 runs, 1 hit, 0 errors, 1 left on base; Greenville 4 - Seattle 9 |
|